 Dungeon Crawl Stone Soup version 0.19-a0-585-ge40200b (webtiles) character file.

2 ololoev the Firebug (level 1, 6/10 HPs)
             Began as a Deep Elf Fire Elementalist on June 9, 2016.
             Quit the game on level 1 of the Dungeon.
             The game lasted 00:00:32 (62 turns).

ololoev the Firebug (Deep Elf Fire Elementalist)      Turns: 62, Time: 00:00:33

Health: 6/10       AC:  2    Str:  5    XL:     1   Next: 33%
Magic:  0/6        EV: 13    Int: 19    God:
Gold:   0          SH:  0    Dex: 15    Spells: 1 memorised, 5 levels left

rFire  . . .     SeeInvis .     (no weapon)
rCold  . . .     Gourm    .     a - +0 robe
rNeg   . . .     Faith    .     (no shield)
rPois  .         Spirit   .     (no helmet)
rElec  .         Dismiss  .     (no cloak)
rCorr  .         Reflect  .     (no gloves)
SustAt .         Harm     .     (no boots)
MR     .....                    (no amulet)
Stlth  ++........               (no ring)
                                (no ring)

@: very slightly contaminated, not resistant to hostile enchantments, unstealthy
A: no striking features
a: no special abilities

Inventory:

Armour
 a - a +0 robe (worn)
Scrolls
 e - a scroll of fog {unknown}
Books
 b - a book of Flames

   Spells                             Type                      Level
   a - Flame Tongue                   Conjuration/Fire             1
   b - Throw Flame                    Conjuration/Fire             2
   c - Conjure Flame                  Conjuration/Fire             3
   d - Inner Flame                    Hexes/Fire                   3
   e - Sticky Flame                   Conjuration/Fire             4
   f - Fireball                       Conjuration/Fire             5
Comestibles
 c - a bread ration
 d - a beef jerky


   Skills:
 - Level 2.4 Dodging
 - Level 2.4 Stealth
 + Level 3.0 Spellcasting
 * Level 1.3 Conjurations
 + Level 3.3 Fire Magic


You had 5 spell levels left.
You knew the following spells:

 Your Spells              Type           Power        Failure   Level  Hunger
a - Flame Tongue          Conj/Fire      ##...        8%          1    None


You were on level 1 of the Dungeon.
You were not hungry.

You visited 1 branch of the dungeon, and saw 1 of its levels.

#......$........###.
##..................)
....................#
#.............###.###
.............## #
#...###......#
###.#...........
#>...s#.....##..#
#...@.......# ..#
.......s.#.....# .#
.###.....#.....#
#.....#.....#
#....r####..# #......
... #.....# ..
#.....#

Notes
Turn   | Place    | Note
--------------------------------------------------------------
     0 | D:1      | ololoev the Deep Elf Fire Elementalist began the quest for the Orb.
     0 | D:1      | Reached XP level 1. HP: 10/10 MP: 6/6
    62 | D:1      | Quit the game

Dungeon Overview and Level Annotations

Branches:
Dungeon (1/15)

Altars:


Message History

Press: ? - help, Shift-Dir - straight line, f - giant newt
Aim: a giant newt The flame tongue misses the giant newt.
Casting: Flame Tongue
Confirm with . or Enter, or press ? or * to list all spells.
Aiming: Flame Tongue
Press: ? - help, Shift-Dir - straight line, f/p - giant newt
Aim: a giant newt The flame tongue misses the giant newt.
The giant newt barely misses you.
Casting: Flame Tongue
Confirm with . or Enter, or press ? or * to list all spells.
Aiming: Flame Tongue
Press: ? - help, Shift-Dir - straight line, f/p - giant newt
Aim: a giant newt The flame tongue misses the giant newt.
The giant newt misses you.
Casting: Flame Tongue
Confirm with . or Enter, or press ? or * to list all spells.
Aiming: Flame Tongue
Press: ? - help, Shift-Dir - straight line, f/p - giant newt
Aim: a giant newt The flame tongue hits the giant newt.
You kill the giant newt!
Found a beef jerky.
A goblin comes into view.
A giant cockroach comes into view.
Casting: Flame Tongue
Confirm with . or Enter, or press ? or * to list all spells.
Aiming: Flame Tongue
Press: ? - help, Shift-Dir - straight line, f - goblin
Aim: a goblin The flame tongue hits the goblin.
You kill the goblin!
You see here a beef jerky.
d - a beef jerky
Found a hand axe and 7 gold pieces.
A bat and a hobgoblin come into view.
Found a lumpy emerald potion and a fizzy purple potion.
Casting: Flame Tongue
Confirm with . or Enter, or press ? or * to list all spells.
Aiming: Flame Tongue
Press: ? - help, Shift-Dir - straight line, f - giant cockroach
Aim: a giant cockroach (resting)
You miscast Flame Tongue.
You are very lightly contaminated with residual magic.
Nothing appears to happen.
The bat hits you but does no damage.
Casting: Flame Tongue
Confirm with . or Enter, or press ? or * to list all spells.
Aiming: Flame Tongue
Press: ? - help, Shift-Dir - straight line, f/p - giant cockroach
Aim: a giant cockroach (clinging)
The flame tongue hits the bat.
You kill the bat!
The giant cockroach bites you.
Found a scroll labeled NARGHU FUNON.
Casting: Flame Tongue
Confirm with . or Enter, or press ? or * to list all spells.
Aiming: Flame Tongue
Press: ? - help, Shift-Dir - straight line, f/p - giant cockroach
Aim: a giant cockroach (clinging)
The flame tongue misses the giant cockroach.
The giant cockroach closely misses you.
Found 8 gold pieces.
The giant cockroach misses you.
Found a dagger.
The giant cockroach misses you.
You see here a scroll labeled NARGHU FUNON.
e - a scroll labeled NARGHU FUNON The giant cockroach barely misses you.
The giant cockroach closely misses you.
Casting: Flame Tongue
Confirm with . or Enter, or press ? or * to list all spells.
Aiming: Flame Tongue
Press: ? - help, Shift-Dir - straight line, f/p - giant cockroach
Aim: a giant cockroach You miscast Flame Tongue.
Wisps of smoke drift from your hands. The giant cockroach bites you.
A rat and a giant cockroach come into view.
Found a stone staircase leading down.
The giant cockroach bites you.
Are you sure you want to abandon this character and quit the game? (Confirm with "yes".)

You could see 2 giant cockroaches and a rat (sleeping).

Vanquished Creatures
  A goblin (D:1)
  A bat (D:1)
  A giant newt (D:1)
3 creatures vanquished.

Action                   || total
-------------------------++-------
 Cast: Flame Tongue      ||     7
Armor: Robe              ||     1
Dodge: Dodged            ||     7

Vault maps used:
D:1:      lightli_arrival_noodles
